 Dungeon Crawl Stone Soup version 0.27-a0-972-gd1521fd518 (webtiles) character file.

Game seed: 390613664782162955

147 Geomchi the Skirmisher (level 5, -11/43 HPs)
             Began as a Formicid Fighter on Apr 14, 2021.
             Mangled by an ogre
             ... wielding a +0 giant spiked club
              (14 damage)
             ... on level 3 of the Dungeon.
             The game lasted 00:03:59 (2978 turns).

Geomchi the Skirmisher (Formicid Fighter)           Turns: 2978, Time: 00:03:59

Health: -11/43     AC:  6    Str: 21    XL:     5   Next: 54%
Magic:  5/5        EV:  8    Int:  8    God:
Gold:   117        SH:  9    Dex: 10    Spells: 4/4 levels left

rFire    . . .     SeeInvis +   a - +0 war axe
rCold    . . .     Faith    .   c - +0 kite shield
rNeg     . . .     Spirit   .   b - +0 scale mail
rPois    .         Reflect  .   (helmet unavailable)
rElec    .         Harm     .   (no cloak)
rCorr    .         Rampage  .   (no gloves)
Will     .....                  (no boots)
Stlth    ..........             (no amulet)
HPRegen  0.14/turn              (no ring)
MPRegen  0.09/turn              (no ring)

@: flying
A: permanent stasis, dig shafts and tunnels, antennae 3, four strong arms
a: Dig, Shaft Self


You were on level 3 of the Dungeon.
You visited 1 branch of the dungeon, and saw 3 of its levels.

You collected 117 gold pieces.

Inventory:

Hand Weapons
 a - a +0 war axe (weapon)
Missiles
 j - 2 throwing nets
Armour
 b - a +0 scale mail (worn)
 c - a +0 kite shield (worn)
Scrolls
 g - 3 scrolls of identify {unknown}
 i - a scroll of enchant armour {unknown}
 k - 2 scrolls of teleportation {unknown}
 l - a scroll of noise {unknown}
Potions
 d - 2 potions of might
 e - a potion of flight
 f - a potion of degeneration {unknown}
 h - a potion of brilliance {unknown}
 m - a potion of curing {unknown}
 n - a potion of heal wounds {unknown}
 o - a potion of berserk rage {unknown}


   Skills:
 * Level 4.7 Fighting
 * Level 2.1(2.8) Axes
 - Level 2.8(3.2) Maces & Flails
 - Level 3.2 Armour
 + Level 4.4 Shields


You had 4 spell levels left.
You didn't know any spells.
Your spell library was empty.

Dungeon Overview and Level Annotations

Branches:
Dungeon (3/15)

Altars:
The Shining One


Innate Abilities, Weirdness & Mutations

You cannot be hasted, slowed, berserked, paralysed or teleported.
You can dig through walls and to a lower floor.
You have a pair of large antennae on your head. (SInv)
Your four strong arms can wield two-handed weapons with a shield.


Message History

A bat is nearby!
A bat is nearby!
You slash the bat!
You kill the bat!
No target in view!
No target in view!
No target in view!
You see here a bat corpse.
Found a glowing golden altar of the Shining One.
k - 2 scrolls labelled BAKHLY WACIZXEI (gained 1)
You sense a monster nearby.
You now have 117 gold pieces (gained 11).
An ogre comes into view. It is wielding a +0 giant spiked club.
An ogre is nearby!
An ogre is nearby!
You slash the ogre!
The ogre hits you with a +0 giant spiked club.
You take 4 damage, and have 39/43 hp.
You slash the ogre!
The ogre hits you with a +0 giant spiked club.
You take 6 damage, and have 33/43 hp.
Your scale mail prevents you from hitting the ogre.
The ogre hits you with a +0 giant spiked club!
You take 8 damage, and have 25/43 hp.
You hit the ogre. You block the ogre's attack. The ogre barely misses you.
You barely miss the ogre.
The ogre hits you with a +0 giant spiked club!!
* * * LOW HITPOINT WARNING * * *
You take 19 damage, and have 6/43 hp.
MASSIVE DAMAGE!!
You are too injured to fight recklessly!
You are too injured to fight recklessly!
You hit the ogre.
The ogre hits you with a +0 giant spiked club.
* * * LOW HITPOINT WARNING * * *
You take 4 damage, and have 2/43 hp.
It was a potion of flight.
You feel very buoyant.
You fly up into the air.
The ogre hits you with a +0 giant spiked club!
You die...

......# .# ##...##...##...##
#####.# .# #.....#####.....# #.#
##.# #...............# #.# #..#
#.....##'##.....# #.# ##.##
##...##..###...## #.# ##...##
#######..########
##.###.....###.## #......#...
#...#.......#...# #####......
#......._....@..# #######
#.....#.......##O.############..
#.....##.....###<..............#
#......##...## #..##############
###.....##.## #.## # #...## #..#
#.# # ##### ##... ..# # ## ###


You could see an ogre.

Vanquished Creatures
  A scorpion zombie (D:3)
  A howler monkey zombie (D:3)
  4 adders
  An adder zombie (D:1)
  2 worms
  A dart slug (D:3)
  2 orcs (D:3)
  5 ball pythons
  5 endoplasms
  5 giant cockroaches
  4 goblins
  7 hobgoblins
  2 kobolds
  2 quokkas
  A ball python skeleton (D:3)
  3 bats
  6 frilled lizards
  A giant cockroach zombie (D:1)
  A quokka skeleton (D:3)
  9 rats
63 creatures vanquished.

Notes
Turn   | Place    | Note
-------+----------+-------------------------------------------
     0 | D:1      | Geomchi the Formicid Fighter began the quest for the Orb.
     0 | D:1      | Reached XP level 1. HP: 18/18 MP: 1/1
   111 | D:1      | Reached XP level 2. HP: 24/24 MP: 2/2
   188 | D:1      | Reached skill level 1 in Maces & Flails
   561 | D:1      | Found a faded altar of an unknown god.
   789 | D:1      | Reached XP level 3. HP: 30/30 MP: 3/3
  1534 | D:2      | Reached XP level 4. HP: 34/37 MP: 4/4
  2282 | D:3      | Reached XP level 5. HP: 43/43 MP: 5/5
  2956 | D:3      | Found a glowing golden altar of the Shining One.
  2969 | D:3      | Noticed an ogre
  2977 | D:3      | HP: 2/43 [ogre/+0 giant spiked club (4)]
  2978 | D:3      | Mangled by an ogre

Illustrated notes

Levels and vault maps discovered:
D:1:      saegor_arrival_fortress, layout_basic,
          shapermc_ecumenical_altar_hornbeckon, serial_bayou_lake_a
D:2:      layout_loops_corners
D:3:      minmay_octagon_keep, layout_loops_ring, lemuel_round_altar,
          serial_undead, serial_undead_c, serial_undead_f, serial_undead_c,
          serial_undead_e

Skill      XL: |  1  2  3 |
---------------+----------+-----
Maces & Flails | 1 2 |  2.8
Shields        | 4 |  4.4
Fighting       | 4 |  4.7
Axes           | |  2.1
Armour         | |  3.2

Action                   |  1- 3 |  4- 6 || total
-------------------------+-------+-------++-------
Melee: War axe           |    76 |   107 ||   183
  Use: Potion            |       |     1 ||     1
Armor: Scale mail        |    27 |    32 ||    59
Dodge: Dodged            |    25 |    25 ||    50
Block: Kite shield       |    41 |    44 ||    85

Table legend: (Time is in decaauts)
 A = Elapsed time spent in this place.
 B = Non-inter-level travel time spent in this place.
 C = Inter-level travel time spent in this place.
 D = Time resting spent in this place.
 E = Time spent auto-exploring this place.
 F = Levels seen in this place.
 G = Mean time per level.
                   A        B        C        D        E       F      G
               +--------+--------+--------+--------+--------+-----+--------+
         Total |   3133 |   3025 |    108 |    158 |   2380 |   3 | 1044.3 |
       Dungeon |   3133 |   3025 |    108 |    158 |   2380 |   3 | 1044.3 |
               +--------+--------+--------+--------+--------+-----+--------+

Top non-repeatable levels by time:
     D:1: 1146 daAuts
     D:2: 1031 daAuts
     D:3: 956 daAuts
